 Dungeon Crawl Stone Soup version 0.28.0-45-g0d030f2227 (webtiles) character file.

Game seed: 2341055094210149667

140 zeratav the Insei (level 5, 0/34 HPs)
             Began as an Octopode Transmuter on Apr 11, 2022.
             Slain by an orc wizard
             ... wielding a +0 dagger of pain
              (4 damage)
             ... on level 3 of the Dungeon.
             The game lasted 00:03:20 (2668 turns).

zeratav the Insei (Octopode Transmuter)             Turns: 2668, Time: 00:03:21

Health: 0/34       AC:  1    Str:  9    XL:     5   Next: 22%
Magic:  7/8        EV: 14    Int: 15    God:
Gold:   81         SH:  0    Dex: 15    Spells: 7/8 levels left

rFire   . . .      SeeInvis .     - Unarmed
rCold   . . .      Faith    .   (no shield)
rNeg    . . .      Spirit   .   (helmet currently unavailable)
rPois   .          Reflect  .   e - amulet of regeneration {@e2}
rElec   .          Harm     .   (no ring)
rCorr   .          Rampage  .   (no ring)
Will    .....                   (no ring)
Stlth   +++.......              (no ring)
HPRegen 0.91/turn               (no ring)
MPRegen 0.11/turn               (no ring)
                                (no ring)
                                (no ring)

@: appendages (expiring)
A: tentacle spike 3, almost no armour, amphibious, 8 rings, camouflage 1,
gelatinous body 1, (nimble swimmer 1), tentacles
a: End Transformation


You were on level 3 of the Dungeon.
One of your tentacles had grown a beastly spike.
You visited 1 branch of the dungeon, and saw 3 of its levels.

You collected 81 gold pieces.


Innate Abilities, Weirdness & Mutations

One of your tentacles has grown a beastly spike.
You cannot wear most types of armour.
You are amphibious.
You can wear up to eight rings at the same time.
Your skin changes colour to match your surroundings (Stealth+).
Your rubbery body absorbs attacks. (AC +1, EV +1)
((You are camouflaged when in or above water. (Stealth+)))
You have tentacles for arms and can constrict up to eight enemies at once.


   Skills:
 + Level 2.2 Fighting
 + Level 2.8 Dodging
 + Level 2.8 Stealth
 * Level 4.3 Unarmed Combat
 - Level 2.0 Spellcasting
 - Level 2.0 Transmutations


You had 7 spell levels left.
You knew the following spells:

 Your Spells              Type           Power      Damage    Failure   Level
a - Beastly Appendage     Tmut           14%        N/A       10%         1

Your spell library contained the following spells:

 Spells                   Type           Power      Damage    Failure   Level
 Wereblood                Tmut           7%         N/A       14%         2
 Spider Form              Tmut/Pois      4%         N/A       41%         3
 Ice Form                 Ice/Tmut       4%         N/A       82%         4

Inventory:

Jewellery
 e - an amulet of regeneration (around mantle) {@e2}
   (You found it on level 2 of the Dungeon)
Scrolls
 b - 2 scrolls of identify {unknown}
 f - a scroll of holy word {unknown}
Potions
 a - a potion of heal wounds {unknown}
 c - a potion of curing {unknown}
 d - a potion of haste {unknown}

Dungeon Overview and Level Annotations

Branches:
Dungeon (3/15)

Altars:
Cheibriados
Hepliaklqana
Uskayaw

##..##.# #.# #..#.+ +
.......# # #..# ...# #
##.###.## .#.#.# ##.##+## #.#
#..######.##.# #....... #.#
#..........#.# ##.#.#.# #.#
#.#.....##.#.# #.#####
##.###.#....#...#.# ##.#....
........#..#....#.####
##....###
#####[...###..{†@...)##
#.....# #
#.....###.......#.####....###
#.....#..#......##{..........
#....#....#.....#.#####.#.###
#..##.....#......## #.#.#
#...........###### #.#.###
#......###### #.#....
######## #.##### #.#


There were no monsters in sight!


Message History

The orc wizard casts a spell at you. The magic dart hits you!
HP[-7]
You take 7 damage, and now have 27/34 hp.
MASSIVE DAMAGE!! (PAUSE)
You release your grip on the orc wizard.
The bat closely misses you.
HP[+1]
You bump into the rock wall.
The bat closely misses you. The orc wizard barely misses you.
HP[+1] You're too confused to move!
The orc wizard points at you and mumbles some strange words.
You are more confused.
HP[+1]
The bat misses you.
The orc wizard points at you and mumbles some strange words.
The magic dart hits you.
HP[-5]
You take 5 damage, and now have 25/34 hp.
You bump into the rock wall.
The bat closely misses you. The bat misses you.
HP[+1]
You miss the bat.
Your tentacle-slap misses the bat.
The bat hits you.
The orc wizard casts a spell.
The orc wizard flickers and vanishes!
Unknown command.
HP[+1]
The bat barely misses you. Something hits you.
HP[-3]
You take 3 damage, and now have 24/34 hp.
The bat barely misses you.
HP[+1]
You closely miss something. Your squeeze misses something. The bat misses you.
Something hits you.
You bump into the rock wall.
The bat hits you but does no damage. Something hits you but does no damage.
You hear some strange, mumbled words.
Something tries to affect you, but you resist.
HP[+1] HP[+1]
You feel less confused. The bat closely misses you.
HP[+1] HP[+1]
The bat misses you.
You miscast Beastly Appendage.
You are very lightly contaminated with residual magic.
Nothing appears to happen.
The bat hits you but does no damage.
You hear some strange, mumbled words.
Something tries to affect you, but you resist.
HP[+1] MP[-1]
You lost 1 mp, and now have 7/8 mp.
One of your tentacles grows a vicious spike.
The bat hits you but does no damage. Something barely misses you.
Something hits you.
HP[-2] MP[-1]
You take 2 damage, and now have 28/34 hp.
You lost 1 mp, and now have 6/8 mp.
Your transformation is almost over.
The bat barely misses you.
A magic dart appears from out of thin air!
The magic dart hits you!
HP[-6]
You take 6 damage, and now have 22/34 hp.
You miss the bat. You grab the bat.
Your tentacle spike misses the bat.
You squeeze the bat. You constrict the bat. The bat closely misses you.
The bat struggles to escape constriction.
The bat escapes!
HP[+1]
The bat hits you but does no damage. The bat hits you.
The bat barely misses you.
You closely miss the bat. Your grab misses the bat. The bat closely misses you.
Something hits you. The bat hits you but does no damage.
HP[-2]
You take 2 damage, and now have 21/34 hp.
You barely miss the bat. Your grab misses the bat. You squeeze the bat.
You kill the bat!
Something hits you.
HP[-2]
You take 2 damage, and now have 19/34 hp.
Your magical contamination has completely faded away.
You see here a bat corpse.
You tentacle-slap something but do no damage.
Your tentacle-slap misses something.
Something hits you.
* * * LOW HITPOINT WARNING * * *
HP[-2] MP[+1]
You take 2 damage, and now have 17/34 hp.
You start resting.
Something hits you.
* * * LOW HITPOINT WARNING * * *
Something hits you.
* * * LOW HITPOINT WARNING * * *
HP[-7]
You take 7 damage, and now have 10/34 hp.
MASSIVE DAMAGE!! (PAUSE)
A magic dart appears from out of thin air!
The magic dart hits you!
* * * LOW HITPOINT WARNING * * *
Something hits you.
You die...

Skill      XL: |  1  2  3  4 |
---------------+-------------+-----
Stealth        | 1 2 |  2.8
Fighting       | 2 |  2.2
Unarmed Combat | 4 |  4.3
Dodging        | |  2.8
Spellcasting   | |  2.0
Transmutations | |  2.0

Action                   |  1- 3 |  4- 6 || total
-------------------------+-------+-------++-------
Melee: Unarmed           |    71 |    45 ||   116
       Kick              |    12 |    11 ||    23
       Tentacles         |    19 |    10 ||    29
       Constrict         |    18 |    14 ||    32
       Punch             |     1 |     1 ||     2
 Cast: Beastly Appendage |    27 |    10 ||    37
 Stab: Sleeping          |     9 |     3 ||    12
Armor: Skin              |    10 |     6 ||    16
Dodge: Dodged            |    37 |    41 ||    78

Levels and vault maps discovered:
D:1:      eino_arrival_druids_welcome, layout_loops_cross, minmay_misc_feat_rows
D:2:      cheibrodos_helix_gallery, layout_loops_ring, basic_altar
D:3:      layout_loops_corners, mainiacjoe_overflow_alcove_4,
          cheibriados_altar_1, minmay_misc_feat_doors, minmay_misc_feat_chi

Notes
Turn   | Place    | Note
-------+----------+-------------------------------------------
     0 | D:1      | zeratav the Octopode Transmuter began the quest for the
                  | Orb.
     0 | D:1      | Reached XP level 1. HP: 13/13 MP: 3/3
     0 | D:1      | magus.rc [v1.9.6]
   186 | D:1      | Reached XP level 2. HP: 7/18 MP: 3/5
   468 | D:1      | Reached skill level 1 in Stealth
  1155 | D:2      | Reached XP level 3. HP: 17/23 MP: 4/6
  1273 | D:2      | Found a hide-covered altar of Uskayaw.
  1678 | D:2      | Reached skill level 2 in Stealth
  2054 | D:3      | Found a snail-covered altar of Cheibriados.
  2158 | D:3      | Reached XP level 4. HP: 29/29 MP: 5/7
  2333 | D:3      | Reached skill level 2 in Fighting
  2333 | D:3      | Reached skill level 4 in Unarmed Combat
  2410 | D:3      | Found a hazy altar of Hepliaklqana.
  2580 | D:3      | Identified the +2 pair of boots of Esi Enneg {Fly rF-
                  | Dex+4}
  2603 | D:3      | Reached XP level 5. HP: 14/34 MP: 6/8
  2668 | D:3      | HP: 4/34 [something/magic dart (7)]
  2668 | D:3      | Slain by an orc wizard

Vanquished Creatures
  An orc priest (D:3)
  An orc wizard (D:3)
  2 adders
  A dart slug (D:1)
  3 worms
  6 orcs (D:3)
  2 endoplasms (D:2)
  A giant cockroach (D:2)
  3 goblins
  6 hobgoblins
  2 quokkas (D:1)
  7 ball pythons
  6 bats
  4 frilled lizards
  2 kobolds
  6 rats
53 creatures vanquished.

Table legend:
 A = Non-vault XP
 B = Vault XP
 C = Vault XP percentage of total XP
 D = Non-vault monster count
 E = Vault monster count
 F = Vault count percentage of total count
                 A         B        C        D         E       F
            +---------+---------+-------+---------+---------+-------
      Total |     186 |      14 |   7.0 |      51 |       2 |   3.8
            +---------+---------+-------+---------+---------+-------
        D:1 |      31 |       0 |   0.0 |      18 |       0 |   0.0
        D:2 |      24 |      14 |  36.8 |      14 |       2 |  12.5
        D:3 |     131 |       0 |   0.0 |      19 |       0 |   0.0
            +---------+---------+-------+---------+---------+-------

Illustrated notes

Table legend:
 A = Kills in this place as a percentage of kills in entire the game.
 B = Kills by you in this place as a percentage of kills by you in the entire game.
 C = Kills by friends in this place as a percentage of kills by friends in the entire game.
 D = Other kills in this place as a percentage of other kills in the entire game.
 E = Experience gained in this place as a percentage of experience gained in the entire game.
 F = Experience gained in this place divided by the number of levels of this place that you have seen.
                   A       B       C       D       E      F
               +-------+-------+-------+-------+-------+----------------------
         Total | 100.0 | 100.0 |   N/A |   N/A | 100.0 |  66.7
       Dungeon | 100.0 | 100.0 |   N/A |   N/A | 100.0 |  66.7
               +-------+-------+-------+-------+-------+----------------------

Table legend: (Time is in decaauts)
 A = Elapsed time spent in this place.
 B = Non-inter-level travel time spent in this place.
 C = Inter-level travel time spent in this place.
 D = Time resting spent in this place.
 E = Time spent auto-exploring this place.
 F = Levels seen in this place.
 G = Mean time per level.
                   A        B        C        D        E       F      G
               +--------+--------+--------+--------+--------+-----+--------+
         Total |   2660 |   2633 |     27 |    351 |   1847 |   3 |  886.7 |
       Dungeon |   2660 |   2633 |     27 |    351 |   1847 |   3 |  886.7 |
               +--------+--------+--------+--------+--------+-----+--------+

Top non-repeatable levels by time:
     D:1: 1063 daAuts
     D:2: 930 daAuts
     D:3: 666 daAuts
